 Dungeon Crawl Stone Soup version 0.25-a0-167-g836c352ace (webtiles) character file.

Game seed: 11033963890608051300, levelgen mode: deterministic

105 vurker the Grave Robber (level 4, -11/32 HPs)
             Began as a Demonspawn Necromancer on Nov 25, 2019.
             Killed by nerve-wracking pain
             ... invoked by Jessica
              (13 damage)
             ... on level 3 of the Dungeon.
             The game lasted 00:05:11 (3379 turns).

vurker the Grave Robber (Demonspawn Necromancer)    Turns: 3379, Time: 00:05:11

Health: -11/32     AC:  3    Str: 13    XL:     4   Next: 53%
Magic:  4/8        EV: 17    Int: 17    God:
Gold:   121        SH:  0    Dex: 19    Spells: 1/9 levels left

rFire    . . .     SeeInvis .   k - +0 dagger
rCold    . . .     Gourm    .   (no shield)
rNeg     . . .     Faith    .   a - +0 robe
rPois    .         Spirit   .   (no helmet)
rElec    .         Reflect  .   (no cloak)
rCorr    .         Harm     .   h - +0 pair of gloves
MR       .....                  (no boots)
Stlth    +++.......             (no amulet)
HPRegen  0.10/turn              (no ring)
MPRegen  0.11/turn              (no ring)

@: mighty, agile, slowed, very slow
A: claws 1, talons 1, powered by pain 1
a: no special abilities


You were on level 3 of the Dungeon.
You were hungry.

You visited 1 branch of the dungeon, and saw 4 of its levels.

You collected 121 gold pieces.

Inventory:

Hand Weapons
 k - a +0 dagger (weapon)
   (You took it off a goblin on level 3 of the Dungeon)
Armour
 a - a +0 robe (worn)
 h - a +0 pair of gloves (worn)
   (You found it on level 3 of the Dungeon)
Scrolls
 b - 2 scrolls of identify
 j - a scroll of amnesia {unknown}
Potions
 c - a potion of heal wounds
 d - 2 potions of might
 f - a potion of curing {unknown}
 g - a potion of agility {unknown}
Comestibles
 e - 4 rations
 i - a chunk of flesh


   Skills:
 + Level 1.5 Fighting
 - Level 1.7 Dodging
 - Level 1.7 Stealth
 * Level 3.2 Spellcasting
 * Level 5.3 Necromancy


You had one spell level left.
You knew the following spells:

 Your Spells              Type           Power        Failure   Level  Hunger
a - Pain                  Necr           ###.         1%          1    None
b - Animate Skeleton      Necr           N/A          1%          1    None
q - Regeneration          Chrm/Necr      ##........   17%         3    ###....
z - Vampiric Draining     Necr           ###.......   5%          3    ###....

Your spell library contained the following spells:

 Spells                   Type           Power        Failure   Level  Hunger
 Animate Dead             Necr           N/A          19%         4    ####...


Dungeon Overview and Level Annotations

Branches:
Dungeon (4/15)
 Temple: D:4-7

Altars:

Annotations:
D:3 Jessica


Innate Abilities, Weirdness & Mutations

You have sharp fingernails.
You have sharp toenails.
You sometimes gain a little power by taking damage.


Message History

You hit Jessica. You claw Jessica, but do no damage. Jessica hits you.
Jessica gestures at you while chanting. Pain shoots through your body!
* * * LOW HITPOINT WARNING * * *
You don't have enough magic to cast that spell.
You hit Jessica. You claw Jessica. Jessica misses you.
You hit Jessica but do no damage.
Your skin stops crawling.
Jessica hits you.
* * * LOW HITPOINT WARNING * * *
Jessica hits you.
* * * LOW HITPOINT WARNING * * *
You closely miss Jessica.
Jessica gestures wildly while chanting.
Jessica blinks!
Unknown command.
Jessica gestures at you while chanting. Pain shoots through your body!
* * * LOW HITPOINT WARNING * * *
You focus on the pain.
You feel very mighty all of a sudden.
You see here a jackal corpse.
You attempt to give life to the dead...
Before your eyes, flesh is ripped from the corpse!
The dead are walking!
A rat comes into view.
You see here a chunk of flesh.
Jessica shouts, "You're disturbing me!
I'll have to kill you!" Jessica closely misses you.
You swap places.
Jessica barely misses your jackal skeleton.
Your jackal skeleton barely misses Jessica.
Jessica mumbles some strange words.
Jessica blinks!
Jessica hits your jackal skeleton.
Your jackal skeleton bites Jessica but does no damage.
Jessica hits your jackal skeleton.
Your jackal skeleton misses Jessica.
Jessica barely misses your jackal skeleton.
Jessica hits your jackal skeleton.
Your jackal skeleton is destroyed!
Jessica mumbles some strange words.
Jessica blinks!
Jessica casts a spell at you.
You feel yourself slow down.
Jessica casts a spell.
Jessica blinks!
Jessica points at you and mumbles some strange words.
Pain shoots through your body!
You die...

#. #. #. #. #. #. #.
############### #.
#.....!..#@.ยง.@........#
#.
+........#.###########.#
#####. #........#.### #.#
#..... #........#...#
#.###.#### #........#.###
#...#.# .r.$.....#.#
###.#Z## ........##.#
#....# #...)..%..# #....#
#.######### #....#


You could see Jessica.

Vanquished Creatures
  2 gnolls (D:1)
  3 adders (D:2)
  An adder skeleton (D:4)
  A worm (D:3)
  2 dart slugs (D:1)
  3 leopard geckos
  5 bats (D:1)
  3 giant cockroaches (D:1)
  5 hobgoblins (D:1)
  3 jackals (D:3)
  2 quokkas
  A frilled lizard (D:1)
  6 goblins
  5 kobolds
  9 rats
51 creatures vanquished.

Vanquished Creatures (collateral kills)
  A bat (D:1)
  A rat (D:1)
2 creatures vanquished.

Grand Total: 53 creatures vanquished

Notes
Turn   | Place    | Note
-------+----------+-------------------------------------------
     0 | D:1      | vurker the Demonspawn Necromancer began the quest for the
                  | Orb.
     0 | D:1      | Reached XP level 1. HP: 13/13 MP: 3/3
     2 | D:1      | Learned a level 1 spell: Animate Skeleton
   254 | D:1      | Gained mutation: You have sharp toenails. [demonic
                  | ancestry]
   254 | D:1      | Reached XP level 2. HP: 10/20 MP: 0/5
  1343 | D:1      | Gained mutation: You sometimes gain a little power by
                  | taking damage. [demonic ancestry]
  1343 | D:1      | Reached XP level 3. HP: 23/25 MP: 2/6
  1401 | D:1      | Reached skill level 1 in Fighting
  1893 | D:1      | Reached skill level 5 in Necromancy
  2364 | D:2      | Gained mutation: You have sharp fingernails. [demonic
                  | ancestry]
  2364 | D:2      | Reached XP level 4. HP: 31/32 MP: 5/8
  2953 | D:3      | Learned a level 3 spell: Vampiric Draining
  2957 | D:3      | Learned a level 3 spell: Regeneration
  3036 | D:3      | You fall into a shaft and drop 1 floor!
  3343 | D:3      | Noticed Jessica
  3364 | D:3      | HP: 1/32 [Jessica/nerve-wracking pain (10)]
  3379 | D:3      | Killed from afar by Jessica

Levels and vault maps discovered:
D:1:      onia_arrival_larder, layout_basic
D:2:      layout_loops_ring
D:3:      layout_basic, first_ration, uniq_jessica
D:4:      layout_basic

Skill      XL: |  1  2  3 |
---------------+----------+-----
Fighting       | 1 |  1.5
Necromancy     | 5 |  5.3
Spellcasting   | 3 |  3.2
Dodging        | |  1.7
Stealth        | |  1.7

Action                   |  1- 3 |  4- 6 || total
-------------------------+-------+-------++-------
Melee: Unarmed           |    11 |     2 ||    13
       Dagger            |       |     8 ||     8
       Kick              |       |     5 ||     5
 Cast: Pain              |    65 |    28 ||    93
       Animate Skeleton  |    13 |     7 ||    20
       Regeneration      |       |     1 ||     1
  Use: Scroll            |       |     4 ||     4
  Eat: Chunk             |     5 |     3 ||     8
Armor: Robe              |    11 |     1 ||    12
Dodge: Dodged            |    28 |    15 ||    43

Table legend:
 A = Non-vault XP
 B = Vault XP
 C = Vault XP percentage of total XP
 D = Non-vault monster count
 E = Vault monster count
 F = Vault count percentage of total count
                 A         B        C        D         E       F
            +---------+---------+-------+---------+---------+-------
      Total |     141 |       9 |   6.0 |      47 |       6 |  11.3
            +---------+---------+-------+---------+---------+-------
        D:1 |      69 |       9 |  11.5 |      28 |       6 |  17.6
        D:2 |      50 |       0 |   0.0 |       9 |       0 |   0.0
        D:3 |      16 |       0 |   0.0 |       8 |       0 |   0.0
        D:4 |       6 |       0 |   0.0 |       2 |       0 |   0.0
            +---------+---------+-------+---------+---------+-------
